 Dungeon Crawl Stone Soup version 0.21.1-1-g345015f (webtiles) character file.

6770 sking99 the Martial Artist (level 10, 0/76 HPs)
             Began as a Demonspawn Monk on June 24, 2018.
             Was an Elder of Makhleb.
             Slain by an orc warrior
             ... wielding a +0 glaive
              (10 damage)
             ... on level 9 of the Dungeon.
             The game lasted 00:38:02 (14119 turns).

sking99 the Martial Artist (Demonspawn Monk)       Turns: 14119, Time: 00:38:03

Health: 0/76       AC: 17    Str: 14    XL:     10   Next: 76%
Magic:  15/15      EV:  6    Int: 17    God:    Makhleb [****..]
Gold:   506        SH:  0    Dex: 16    Spells: 9/9 levels left

rFire    . . .     SeeInvis .     - Unarmed
rCold    . . .     Gourm    .   (no shield)
rNeg     . . .     Faith    .   H - +0 plate armour (curse)
rPois    .         Spirit   .   D - +0 helmet
rElec    .         Reflect  .   n - scarf {cloud immunity}
rCorr    .         Harm     .   J - +0 pair of gloves
MR       .....                  (no boots)
Stlth    ..........             A - amulet of magic regeneration
HPRegen  0.22/turn              (no ring)
MPRegen  0.39/turn              v - +5 ring of intelligence

@: no status effects
A: claws 2, yellow scales 1, spiny 1, rot immunity
a: Minor Destruction, Lesser Servant of Makhleb, Major Destruction, Renounce
Religion


You were on level 9 of the Dungeon.
You worshipped Makhleb.
Makhleb was greatly pleased with you.
You were not hungry.

You visited 2 branches of the dungeon, and saw 10 of its levels.

You collected 506 gold pieces.

Inventory:

Hand Weapons
 a - a +0 hunting sling
 k - a +0 mace
Missiles
 m - 289 stones (quivered)
 r - 56 sling bullets
Armour
 b - a +0 robe
 n - a scarf of cloud immunity (worn)
 o - a +1 chain mail
 D - a +0 helmet (worn)
 H - a cursed +0 plate armour (worn)
 J - a +0 pair of gloves (worn)
 O - a +0 large shield
Jewellery
 d - an uncursed amulet of harm
 h - an uncursed amulet of harm
 l - an uncursed amulet of faith
 t - a -3 ring of evasion
 u - an uncursed amulet of regeneration
 v - a +5 ring of intelligence (right hand)
 z - an uncursed ring of loudness
 A - an amulet of magic regeneration (around neck)
 B - an uncursed amulet of rage {unknown}
Wands
 w - a wand of polymorph (14)
 x - a wand of paralysis (9)
 y - a wand of flame (60)
 C - a wand of disintegration (11)
 G - a wand of iceblast (3)
 M - a wand of random effects (18)
Scrolls
 e - 6 scrolls of remove curse
 g - 3 scrolls of fog
 j - 3 scrolls of enchant armour
 p - a scroll of immolation {unknown}
 q - 3 scrolls of identify
 s - a scroll of enchant weapon {unknown}
 E - a scroll of teleportation {unknown}
 L - 2 scrolls of magic mapping {unknown}
 P - a scroll of holy word {unknown}
 Q - a scroll of acquirement {unknown}
 R - a scroll of silence {unknown}
Potions
 f - 3 potions of mutation
 F - a potion of flight {unknown}
 I - a potion of haste
 K - 3 potions of curing
 N - a potion of might
Books
 i - a book of Callings

   Spells                             Type                      Level
   a - Summon Small Mammal            Summoning                    1
   b - Call Imp                       Summoning                    2
   c - Call Canine Familiar           Summoning                    3
   d - Summon Guardian Golem          Hexes/Summoning              3
   e - Summon Lightning Spire         Summoning/Air                4
   f - Summon Ice Beast               Ice/Summoning                4
Comestibles
 c - 14 rations


   Skills:
 + Level 6.1 Fighting
 - Level 3.2 Maces & Flails
 + Level 6.2 Armour
 - Level 4.8 Dodging
 - Level 1.7 Stealth
 - Level 10.7 Unarmed Combat
 * Level 7.2 Invocations


You had 9 spell levels left.
You didn't know any spells.

Dungeon Overview and Level Annotations

Branches:
Dungeon (9/15)             Temple (1/1) D:4
   Lair: D:8-11         Orc: D:9-12

Altars:
Ashenzari
Cheibriados
Dithmenos
Elyvilon
Fedhas
Gozag
Hepliaklqana
Kikubaaqudgha
Makhleb
Nemelex Xobeh
Okawaru
Qazlal
Ru
Sif Muna
Trog
Uskayaw
Vehumet
Wu Jian
Xom
Yredelemnul
Zin
The Shining One

Shops:
D:6 !   D:7 [


Innate Abilities, Weirdness & Mutations

You have very sharp fingernails.
You are partially covered in yellow scales. (AC +2)
You are partially covered in sharp spines.
You are immune to rotting.


Message History

The orc warrior hits you but does no damage.
You hit the orc warrior but do no damage.
The orc warrior is heavily wounded.
The orc warrior hits you from afar with a glaive.
You barely miss the orc warrior.
The orc warrior is heavily wounded.
The orc warrior is struck by your spines.
The orc warrior barely misses you.
You hit the orc warrior but do no damage.
The orc warrior is heavily wounded.
The orc warrior hits you from afar with a glaive!
You closely miss the orc warrior.
The orc warrior is heavily wounded.
The orc warrior is struck by your spines.
The orc warrior hits you with a glaive!!
* * * LOW HITPOINT WARNING * * *
The orc warrior hits you from afar with a glaive!
* * * LOW HITPOINT WARNING * * *
The orc warrior hits you from afar with a glaive!
You die...

#..# #......# ##.... ##.#
#.###### #..... #.# ###'######
###.####
####.####........#####.......
#.......'........#.........[.
#####.##.####........#.###.......
......##.# #........#.# #.......
.#######.# #<....o..#.# #.......
## #.# #...@.o..'.# #....... #.#
#....>...### #....... #.#
#######'## #....... #.# #...#
#....... #.# #.### #####.## #.#
#.# #.# ########'## #.# #.#
#.........# ####'### #.#
#.........####......# ##o#


You could see 2 orc warriors.

Vanquished Creatures
  A two-headed ogre (D:9)
  Pikel (D:6)
  The ghost of RENEGADE the Slasher, a novice DsCK of Xom (D:4)
  A hornet (D:8)
  Prince Ribbit (D:7)
  A hippogriff (D:8)
  The ghost of GreatBrownShark the Covered, an amateur DDFi (D:5)
  4 hogs (D:7)
  2 hungry ghosts (D:8)
  A human (D:7)
  A soldier ant (D:9)
  Duvessa (D:6)
  3 ice beasts
  2 orc warriors (D:9)
  3 phantoms (D:9)
  4 slaves (D:6)
  6 ogres
  A centaur (D:8)
  A big kobold (D:7)
  9 bullfrogs
  Dowan (D:6)
  2 scorpions
  A water moccasin skeleton (D:8)
  3 crimson imps
  2 howler monkeys (D:5)
  A bullfrog zombie (D:5)
  3 jellies
  2 hounds (D:5)
  2 orc priests
  A bullfrog skeleton (D:4)
  Jessica (D:2)
  A centaur skeleton (D:8)
  Natasha (twice) (D:3)
  2 iguanas (D:5)
  6 orc wizards
  4 worker ants
  A killer bee zombie (D:6)
  A hound zombie (D:6)
  3 hound skeletons
  A howler monkey zombie (D:5)
  9 adders
  3 shadow imps
  2 oozes
  2 adder skeletons
  2 adder zombies
  2 worms
  A dart slug (D:4)
  5 leopard geckos
  34 orcs
  7 bats
  5 giant cockroaches
  9 goblins
  7 hobgoblins
  4 jackals (D:9)
  2 quokkas
  2 ball pythons
  4 frilled lizards
  A giant cockroach zombie (D:5)
  13 kobolds
  A quokka skeleton (D:5)
  2 quokka zombies
  12 rats
214 creatures vanquished.

Vanquished Creatures (collateral kills)
  An orc warrior (D:6)
  3 orc wizards (D:9)
  An orc priest (D:9)
  An orc (D:9)
6 creatures vanquished.

Grand Total: 220 creatures vanquished

Notes
Turn   | Place    | Note
-------+----------+-------------------------------------------
     0 | D:1      | sking99 the Demonspawn Monk began the quest for the Orb.
     0 | D:1      | Reached XP level 1. HP: 18/18 MP: 1/1
   646 | D:1      | Gained mutation: You have sharp fingernails. [demonic ancestry]
   646 | D:1      | Reached XP level 2. HP: 24/24 MP: 2/2
   846 | D:1      | Reached skill level 1 in Unarmed Combat
  1660 | D:2      | Reached XP level 3. HP: 28/29 MP: 3/3
  2055 | D:2      | Reached skill level 2 in Unarmed Combat
  2086 | D:2      | Noticed Jessica
  2960 | D:2      | Reached XP level 4. HP: 35/35 MP: 4/4
  3003 | D:2      | Killed Jessica
  3003 | D:2      | Reached skill level 3 in Unarmed Combat
  3542 | D:3      | Found a blossoming altar of Fedhas.
  3592 | D:3      | Noticed a bullfrog
  3603 | D:3      | HP: 1/35 [bullfrog (2)]
  3630 | D:3      | Killed a bullfrog
  3630 | D:3      | Reached skill level 4 in Unarmed Combat
  3630 | D:3      | Gained mutation: You have very sharp fingernails. [demonic ancestry]
  3630 | D:3      | Reached XP level 5. HP: 19/41 MP: 5/5
  3971 | D:3      | Found a hazy altar of Hepliaklqana.
  4082 | D:3      | Noticed Natasha
  4095 | D:3      | Killed Natasha
  4195 | D:3      | Noticed an ogre
  4596 | D:4      | Noticed an ogre
  4670 | D:4      | Reached skill level 5 in Unarmed Combat
  4670 | D:4      | Gained mutation: You are immune to rotting. [demonic ancestry]
  4670 | D:4      | Reached XP level 6. HP: 17/47 MP: 6/6
  4943 | D:4      | Found a staircase to the Ecumenical Temple.
  4950 | Temple   | Entered the Ecumenical Temple
  5065 | Temple   | Became a worshipper of Makhleb the Destroyer
  5065 | Temple   | Reached * piety under Makhleb
  5065 | Temple   | Reached ** piety under Makhleb
  5233 | D:4      | Noticed RENEGADE's ghost (novice DsCK)
  5690 | D:3      | Noticed Natasha
  5699 | D:3      | Killed Natasha
  6953 | D:4      | Killed RENEGADE's ghost
  6953 | D:4      | Reached skill level 7 in Unarmed Combat
  6953 | D:4      | Reached XP level 7. HP: 37/52 MP: 7/7
  7258 | D:5      | Entered Level 5 of the Dungeon
  7265 | D:5      | Reached skill level 1 in Invocations
  7628 | D:4      | Reached skill level 8 in Unarmed Combat
  7628 | D:4      | Reached XP level 8. HP: 25/58 MP: 10/10
  8336 | D:5      | Noticed GreatBrownShark's ghost (amateur DDFi)
  8741 | D:5      | Killed GreatBrownShark's ghost
  9364 | D:6      | Noticed Pikel
  9425 | D:6      | Noticed Dowan
  9428 | D:6      | Noticed Duvessa
  9449 | D:6      | Killed Duvessa
  9449 | D:6      | Reached skill level 9 in Unarmed Combat
  9458 | D:6      | Killed Dowan
  9885 | D:6      | Killed Pikel
  9885 | D:6      | Reached skill level 10 in Unarmed Combat
  9885 | D:6      | Gained mutation: You are partially covered in sharp spines. [demonic ancestry]
  9885 | D:6      | Reached XP level 9. HP: 48/63 MP: 12/12
  9984 | D:6      | Reached *** piety under Makhleb
 10483 | D:6      | Reached skill level 1 in Armour
 10577 | D:6      | Found Nigog's Distillery.
 10948 | D:7      | Found Woraem's Armour Emporium.
 11695 | D:7      | Noticed Prince Ribbit
 11711 | D:7      | Killed Prince Ribbit
 11711 | D:7      | Gained mutation: You are partially covered in yellow scales. (AC +2) [demonic ancestry]
 11711 | D:7      | Reached XP level 10. HP: 61/73 MP: 13/13
 11979 | D:8      | Paralysed by a hornet for 2 turns
 12280 | D:8      | Reached skill level 5 in Armour
 12296 | D:8      | Reached skill level 5 in Fighting
 12869 | D:9      | Reached **** piety under Makhleb
 12872 | D:9      | Reached skill level 5 in Invocations
 12963 | D:9      | Noticed a two-headed ogre
 12976 | D:9      | Killed a two-headed ogre
 13746 | D:9      | HP: 1/76 [smoke demon/divine providence[the player character] (14)]
 14119 | D:9      | Slain by an orc warrior

Skill      XL: |  1  2  3  4  5  6  7  8  9 10 |
---------------+-------------------------------+-----
Maces & Flails | 3 |  3.2
Unarmed Combat | 1 2 4 5 7 8 10 | 10.7
Invocations    | 3 4 7 |  7.2
Armour         | 4 6 |  6.2
Dodging        | 4 |  4.8
Fighting       | 4 6 |  6.1
Stealth        | |  1.7

Action                   |  1- 3 |  4- 6 |  7- 9 | 10-12 || total
-------------------------+-------+-------+-------+-------++-------
Melee: Mace              |    41 |       |       |       ||    41
       Unarmed           |   138 |   276 |   350 |   182 ||   946
       Punch             |     1 |     1 |     9 |     1 ||    12
 Fire: Hunting sling     |       |    12 |       |       ||    12
Invok: Minor Destruction |       |       |     3 |       ||     3
       Lesser Servant of |       |       |     3 |     1 ||     4
       Major Destruction |       |       |       |     3 ||     3
  Use: Potion            |       |     4 |     2 |     1 ||     7
       Scroll            |       |     5 |     2 |       ||     7
 Stab: Sleeping          |     8 |       |       |       ||     8
  Eat: Chunk             |     6 |     7 |    10 |     4 ||    27
       Ration            |       |     2 |     1 |     5 ||     8
Armor: Robe              |    27 |     1 |       |       ||    28
       Chain mail        |       |   138 |   149 |       ||   287
       Plate armour      |       |       |     5 |    91 ||    96
Dodge: Dodged            |   135 |    89 |    73 |    41 ||   338
